 Dungeon Crawl Stone Soup version 0.17-a0-1804-gf6433eb (webtiles) character file.

2564 Stormsson the Covert (level 9, -2/38 HPs)
             Began as a Spriggan Conjurer on Sept 10, 2015.
             Slain by an ogre
             ... wielding a +0 giant club
              (28 damage)
             ... on level 8 of the Dungeon on Sept 11, 2015.
             The game lasted 01:29:06 (10770 turns).

Stormsson the Covert (Spriggan Conjurer)           Turns: 10770, Time: 01:29:18

Health: -2/38      AC:  9    Str:  4    XL:     9   Next: 31%
Magic:  7/19       EV: 18    Int: 20    God:
Gold:   342        SH:  0    Dex: 16    Spells: 5 memorised, 9 levels left

rFire  . . .     SeeInvis +     f - +0 dagger
rCold  . . .     Clarity  .     a - +0 robe
rNeg   + . .     SustAt   +     (shield restricted)
rPois  .         Gourm    .     (helmet restricted)
rElec  .         Spirit   .     n - +2 cloak
rCorr  .         Warding  .     (gloves unavailable)
rMut   .         Stasis   .     (boots unavailable)
MR     +....                    (no amulet)
Stlth  +++++.....               q - ring of sustain attributes
                                k - ring of positive energy

@: lethally poisoned (-2 -> -4), very slightly contaminated, very quick,
somewhat resistant to hostile enchantments, quite stealthy
A: unfitting armour, antennae 1, iridescent scales 1, see invisible, herbivore
3, speed 3, frail 1, slow metabolism 2
a: no special abilities


You were on level 8 of the Dungeon.
You were not hungry.

You visited 2 branches of the dungeon, and saw 9 of its levels.

You collected 342 gold pieces.

Inventory:

Hand weapons
 d - a +0 short sword
 f - a +0 dagger (weapon)
Armour
 a - a +0 robe (worn)
 n - a +2 cloak (worn)
Jewellery
 k - a ring of positive energy (left hand)
 q - a ring of sustain attributes (right hand)
 r - an uncursed amulet of rage
 s - an uncursed ring of protection from cold
 t - an uncursed ring of poison resistance
 v - an uncursed ring of fire
Magical devices
 i - a wand of flame (29)
 m - a wand of fireball (3)
 y - a wand of flame (21)
Scrolls
 g - 3 scrolls of enchant weapon
 j - 2 scrolls of remove curse
 l - a scroll of magic mapping
 p - a scroll of identify
 w - a scroll of amnesia
Potions
 e - a potion of heal wounds
 o - 3 potions of curing
Books
 b - a book of Conjurations

   Spells                             Type                      Level
   a - Magic Dart                     Conjuration                  1
   b - Searing Ray                    Conjuration                  2
   c - Dazzling Spray                 Conjuration/Hexes            3
   d - Fulminant Prism                Conjuration/Hexes            4
   e - Iskenderun's Mystic Blast      Conjuration                  4
   f - Iskenderun's Battlesphere      Conjuration/Charms           5
 u - a Young Poisoner's Handbook

   Spells                             Type                      Level
   a - Sting                          Conjuration/Poison           1
   b - Cure Poison                    Poison                       2
   c - Mephitic Cloud                 Conjuration/Poison/Air       3
   d - Olgreb's Toxic Radiance        Poison                       4
   e - Venom Bolt                     Conjuration/Poison           5
Comestibles
 c - 5 bread rations
 h - 3 royal jellies
 z - 3 fruits


   Skills:
 - Level 2.4 Fighting
 + Level 5.9 Short Blades
 - Level 3.4 Dodging
 + Level 9.1 Stealth
 + Level 6.2 Spellcasting
 * Level 6.6 Conjurations
 - Level 2.0 Poison Magic


You had 9 spell levels left.
You knew the following spells:

 Your Spells              Type           Power        Failure   Level  Hunger
a - Magic Dart            Conj           ####         1%          1    None
b - Searing Ray           Conj           ####..       1%          2    None
c - Sting                 Conj/Pois      ###.         1%          1    None
d - Dazzling Spray        Conj/Hex       ###.....     10%         3    ##.....
e - Iskenderun's Mystic   Conj           ####....     10%         4    ####...


Dungeon Overview and Level Annotations

Branches:
Dungeon (8/15)             Temple (1/1) D:6
   Lair: D:8-11

Altars:
Ashenzari
Cheibriados
Dithmenos
Elyvilon
Fedhas
Gozag
Kikubaaqudgha
Makhleb
Nemelex Xobeh
Okawaru
Qazlal
Ru
Sif Muna
Trog
Vehumet
Xom
Yredelemnul
Zin
The Shining One

Shops:
D:4 (   D:8 *[[:

Annotations:
D:4 Grinder


Innate Abilities, Weirdness & Mutations

You are tiny and cannot use many weapons and most armour.
You have supernaturally acute eyesight.
You are a herbivore.
You cover ground extremely quickly.
You need consume almost no food.
You have a pair of small antennae on your head.
You are partially covered in iridescent scales (AC +4).
You are frail (-10% HP).


Message History

Casting: Searing Ray
Confirm with . or Enter, or press ? or * to list all spells.
Aiming: Searing Ray
Press: ? - help, Shift-Dir - straight line, f - ogre
Aim: an ogre, wielding a giant club The searing ray hits the ogre.
The ogre is lightly wounded.
The searing ray misses the ogre.
You feel sick.
The black bear growls angrily.
The ogre barely misses you.
The searing ray misses the ogre.
The searing ray hits the hound.
The hound is heavily wounded.
The ogre closely misses you.
The searing ray hits the ogre.
The ogre is severely wounded.
The searing ray hits the hound.
You kill the hound!
The ogre hits you with a giant club!!
Ouch! That really hurt!
You die...

...).o.##.#
....#####.# P..#
....
..#####.########
P..............#
........∩......#
##.####........###
#.# #..........#
##.# #........#@#
...# #####....#O#
# .#♣#
######.##.#.# ...#
#......y..# .♣∩♣
#.##h###..# ...# #
#.# # .#♣# ... #
## ..... ..
...c..# .P.


You could see a black bear and an ogre.

Vanquished Creatures
  A hungry ghost (D:7)
  2 phantoms
  An orc warrior (D:6)
  A sky beast (D:6)
  2 ice beasts
  3 ogres
  A centaur (D:6)
  3 giant frogs
  2 scorpions
  9 killer bees
  2 crimson imps (D:7)
  A giant frog zombie (D:8)
  2 orc priests (D:8)
  A centaur skeleton (D:4)
  5 hounds
  3 iguanas
  6 orc wizards
  5 worker ants
  A worker ant zombie (D:7)
  10 adders
  An ooze (D:1)
  4 worms
  An adder skeleton (D:5)
  4 giant geckos
  24 orcs
  3 giant cockroaches
  10 goblins
  5 hobgoblins
  4 jackals
  4 kobolds
  4 quokkas
  2 ball pythons
  6 bats
  A giant gecko zombie (D:8)
  5 giant newts
  8 rats
147 creatures vanquished.

Notes
Turn   | Place    | Note
--------------------------------------------------------------
     0 | D:1      | Stormsson the Spriggan Conjurer began the quest for the Orb.
     0 | D:1      | Reached XP level 1. HP: 9/9 MP: 5/5
   383 | D:1      | Reached XP level 2. HP: 13/13 MP: 0/6
   935 | D:1      | Reached XP level 3. HP: 16/16 MP: 4/8
  1494 | D:1      | Learned a level 2 spell: Searing Ray
  1554 | D:2      | Reached skill level 1 in Short Blades
  1711 | D:2      | Found a sparkling altar of Nemelex Xobeh.
  1749 | D:2      | Reached XP level 4. HP: 21/21 MP: 4/9
  2211 | D:2      | Found a snail-covered altar of Cheibriados.
  2211 | D:2      | Found a burning altar of Makhleb.
  2214 | D:2      | Gained mutation: You are partially covered in iridescent scales (AC +4). [potion of mutation]
  2214 | D:2      | Gained mutation: You are frail (-10% HP). [potion of mutation]
  2214 | D:2      | Gained mutation: You have a pair of small antennae on your head. [potion of mutation]
  2850 | D:3      | Reached skill level 1 in Fighting
  2850 | D:3      | Reached XP level 5. HP: 17/22 MP: 2/11
  3272 | D:3      | Reached skill level 4 in Conjurations
  4342 | D:4      | Found Urodwoire's Antique Weapon Boutique.
  4486 | D:4      | Noticed an ogre
  4820 | D:4      | Reached XP level 6. HP: 27/27 MP: 12/12
  4822 | D:4      | Found an iron altar of Okawaru.
  4824 | D:4      | Found a sparkling altar of Nemelex Xobeh.
  4835 | D:4      | Noticed Grinder
  5085 | D:4      | Noticed a phantom
  5203 | D:4      | Reached skill level 5 in Stealth
  5292 | D:4      | Killed a phantom
  5492 | D:4      | Killed an ogre
  5619 | D:5      | Entered Level 5 of the Dungeon
  5708 | D:5      | Reached XP level 7. HP: 29/29 MP: 9/14
  5819 | D:5      | Upgraded the game from 0.17-a0-1798-g879a7aa to 0.17-a0-1804-gf6433eb
  5977 | D:6      | Reached skill level 6 in Stealth
  6084 | D:6      | Learned a level 1 spell: Sting
  6130 | D:6      | Found a staircase to the Ecumenical Temple.
  6148 | Temple   | Entered the Ecumenical Temple
  6316 | D:6      | Reached skill level 1 in Poison Magic
  7024 | D:6      | Reached skill level 5 in Conjurations
  7024 | D:6      | Reached XP level 8. HP: 35/35 MP: 7/15
  7188 | D:6      | Found a shimmering altar of Xom.
  7359 | D:7      | Found a blossoming altar of Fedhas.
  7423 | D:7      | Reached skill level 7 in Stealth
  7455 | D:7      | Found a radiant altar of Vehumet.
  8218 | D:7      | Reached skill level 8 in Stealth
  8445 | D:7      | Reached skill level 5 in Short Blades
  8457 | D:7      | Reached skill level 5 in Spellcasting
  9007 | D:8      | Found Fyli's Armour Shop.
  9316 | D:8      | Found a bloodstained altar of Trog.
  9839 | D:7      | Reached XP level 9. HP: 23/38 MP: 11/18
 10279 | D:8      | Reached skill level 9 in Stealth
 10429 | D:8      | Found Fiorinetif's Assorted Antiques.
 10636 | D:8      | Found Rulik's Armour Boutique.
 10728 | D:8      | Found Difal's Book Shoppe.
 10744 | D:8      | Learned a level 3 spell: Dazzling Spray
 10749 | D:8      | Learned a level 4 spell: Iskenderun's Mystic Blast
 10770 | D:8      | Slain by an ogre

Vault maps used:
D:1:      dpeg_arrival_tiny_g, minmay_misc_feat_tiny
D:2:      gammafunk_temple_overflow_wave, nemelex_xobeh_ov_fountains_minmay
D:3:      first_bread
D:4:      nicolae_overflow_hidden_temple, serial_shops, kennysheep_mini_moat,
          kennysheep_windowed_goal, uniq_grinder, uniq_crazy_yiuf_cottage
D:5:      serial_shops, shop, kennysheep_nondescript
D:6:      minmay_temple_entry_purple_smoke, small_statue_intersection,
          hangedman_abyss_or_decor_stabs, tgw_xom
D:7:      vehumet_crystals, fedhas_altar_fruit_tree
D:8:      trog_ov_bears_minmay, serial_shops, shop, nicolae_shop_trees, shop,
          nicolae_shop_window_shopping, nicolae_shop_overgrown_old_shop
Temple:   circular_temple_12

Action                   |  1- 3 |  4- 6 |  7- 9 || total
-------------------------+-------+-------+-------++-------
Melee: Unarmed           |     2 |       |       ||     2
       Short sword       |     8 |     1 |       ||     9
       Dagger            |     7 |    38 |    90 ||   135
 Cast: Magic Dart        |    87 |   113 |   137 ||   337
       Searing Ray       |       |    19 |    29 ||    48
       Sting             |       |       |     2 ||     2
Evoke: Wand              |       |       |     5 ||     5
  Use: Scroll            |     2 |    12 |     9 ||    23
       Potion            |       |     9 |     3 ||    12
 Stab: Sleeping          |       |     4 |     9 ||    13
  Eat: Fruit             |       |     2 |     4 ||     6
       Pizza             |       |     1 |     1 ||     2
